 Dungeon Crawl Stone Soup version 0.23-a0-54-gae6112e (webtiles) character file.

29 MatthieuS the Skirmisher (level 3, 0/43 HPs)
             Began as a Merfolk Wanderer on Aug 8, 2018.
             Slain by an adder (1 damage)
             ... on level 2 of the Dungeon.
             The game lasted 00:02:36 (649 turns).

MatthieuS the Skirmisher (Merfolk Wanderer)          Turns: 649, Time: 00:02:37

Health: 0/43       AC: 21    Str:  9 (12) XL:     3   Next: 16%
Magic:  3/3        EV:  2    Int:  8 (9)  God:
Gold:   49         SH:  0    Dex: 15 (16) Spells: 2/2 levels left

rFire    . . .     SeeInvis .   a - +2 falchion
rCold    . . .     Gourm    .   (no shield)
rNeg     + + +     Faith    .   (armour currently unavailable)
rPois    +         Spirit   .   (helmet currently unavailable)
rElec    .         Reflect  .   (cloak currently unavailable)
rCorr    .         Harm     .   (gloves currently unavailable)
MR       .....     NoTele   +   (boots currently unavailable)
Stlth    ++........             (no amulet)
HPRegen  0.14/turn              (no ring)
MPRegen  0.08/turn              (no ring)

@: lethally poisoned (0 -> -2), tree-form (expiring)
A: (change form in water), (swift swim), (stealthy swim)
a: no special abilities


You were on level 2 of the Dungeon.
You were not hungry.
You were a tree.
You visited 1 branch of the dungeon, and saw 2 of its levels.

You collected 49 gold pieces.

Inventory:

Hand Weapons
 a - a +2 falchion (weapon)
 c - a +0 hand axe
Armour
 d - a +0 robe
 j - a +0 ring mail
   (You found it on level 1 of the Dungeon)
 m - a +0 leather armour (melded)
   (You found it on level 1 of the Dungeon)
Scrolls
 f - a scroll of fog {unknown}
 g - a scroll of teleportation {unknown}
 h - a scroll of identify {unknown}
 i - 2 scrolls of remove curse {unknown}
 k - a scroll of blinking {unknown}
Potions
 b - a potion of lignification {!q}
Comestibles
 e - 3 rations
 n - 2 chunks of flesh


   Skills:
 + Level 3.6 Fighting
 - Level 1.3 Long Blades
 - Level 1.0 Axes
 - Level 1.3 Armour
 + Level 1.4 Dodging
 + Level 1.8 Stealth
   Level 2.0 Shields
 * Level 1.3 Unarmed Combat


You had 2 spell levels left.
You didn't know any spells.
Your spell library was empty.

Dungeon Overview and Level Annotations

Branches:
Dungeon (2/15)

Altars:


Message History

You feel sick.
There is an open door here.
* * * LOW HITPOINT WARNING * * *
You feel sick.
Really quaff
b - 2 potions of lignification {!q}?
You turn into a tree.
Your +0 leather armour melds into your body.
Your roots penetrate the ground.
You feel sick. The adder completely misses you.
The adder bites you but does no damage.
You barely miss the adder.
You feel sick.
The adder bites you but does no damage. x3
You closely miss the adder.
You feel sick.
The adder bites you but does no damage. x3
Unknown command.
You barely miss the adder.
The adder bites you but does no damage. x3
The adder bites you.
* * * LOW HITPOINT WARNING * * *
You hit the adder.
You feel sick. The adder bites you.
* * * LOW HITPOINT WARNING * * *
The adder bites you but does no damage.
You closely miss the adder.
You feel sick.
The adder bites you but does no damage. x4
Unknown command.
You hit the adder.
You feel sick. The adder bites you.
* * * LOW HITPOINT WARNING * * *
The adder bites you but does no damage.
You barely miss the adder.
The adder bites you but does no damage. x4
Unknown command.
It was a potion of degeneration.
There was something very wrong with that liquid.
You feel weakened.
You feel dopey.
You feel clumsy.
You feel sick. The adder bites you.
* * * LOW HITPOINT WARNING * * *
The adder bites you but does no damage.
You miss the adder.
The adder bites you but does no damage. x4
Unknown command.
You closely miss the adder.
Your transformation is almost over.
The adder bites you but does no damage. x2; The adder bites you.
* * * LOW HITPOINT WARNING * * *
You hit the adder.
You kill the adder!
You have reached level 3!
Your experience leads to an increase in your attributes!
Your base attributes are Str 11, Int 9, Dex 16.
Increase (S)trength, (I)ntelligence, or (D)exterity?
You feel stronger.
* * * LOW HITPOINT WARNING * * *
You feel sick. The adder bites you.
You die...

.####...####..#.#<.
..#.......#..##.#.#
..#...#...#..#
..###+#'###..#
#.... #.....##
#...# #.#...# #...
###.(.# #.. #.#...#
#S♣...# #g###.....
#K..#).....
#.......#.....>
###...####..#+#
...... ... #......
... #..##### #.#


You could see an adder, a hobgoblin and a kobold.

Vanquished Creatures
  An adder (D:2)
  A giant cockroach (D:1)
  4 goblins
  3 hobgoblins (D:1)
  A bat (D:1)
  7 kobolds
  4 rats
21 creatures vanquished.

Notes
Turn   | Place    | Note
-------+----------+-------------------------------------------
     0 | D:1      | MatthieuS the Merfolk Wanderer began the quest for the Orb.
     0 | D:1      | MatthieuS set off with: a +2 falchion, a potion of lignification {!q}, a +0 hand axe, a +0 robe, a ration
     0 | D:1      | Reached XP level 1. HP: 18/18 MP: 1/1
   229 | D:1      | Reached XP level 2. HP: 24/24 MP: 2/2
   291 | D:1      | Reached skill level 1 in Dodging
   377 | D:1      | Reached skill level 1 in Unarmed Combat
   649 | D:2      | Reached XP level 3. HP: 2/29 MP: 3/3
   649 | D:2      | HP: 1/43 [poisoned by an adder]
   649 | D:2      | Slain by an adder

Vault maps used:
D:1:      minmay_arrival_nine_rooms, minmay_misc_feat_hallway,
          minmay_pentomino_x4
D:2:      hangedman_ru_absence

Skill      XL: |  1  2 |
---------------+-------+-----
Dodging        | 1 |  1.4
Unarmed Combat | 1 |  1.3
Fighting       | |  3.6
Long Blades    | |  1.3
Axes           | |  1.0
Armour         | |  1.3
Stealth        | |  1.8
Shields        | |  2.0

Action                   || total
-------------------------++-------
Melee: Falchion          ||    51
       Punch             ||     1
  Use: Potion            ||     2
 Stab: Sleeping          ||     2
Armor: Robe              ||     4
       Skin              ||    27
       Leather armour    ||     5
Dodge: Dodged            ||    21
       Rpst.: Falchion   ||     7

Table legend:
 A = Spawn XP
 B = Non-spawn XP
 C = Spawn XP percentage of total XP
 D = Spawn monster count
 E = Non-spawn monster count
 F = Spawn count percentage of total count
 G = Total turns spent on level
                    A         B        C        D         E        F      G
               +---------+---------+-------+---------+---------+-------+---------
         Total |       0 |      42 |   0.0 |       0 |      21 |   0.0 |   649
               +---------+---------+-------+---------+---------+-------+---------
           D:1 |       0 |      25 |   0.0 |       0 |      17 |   0.0 |   569
           D:2 |       0 |      17 |   0.0 |       0 |       4 |   0.0 |    80
               +---------+---------+-------+---------+---------+-------+---------
